 Dungeon Crawl Stone Soup version 0.31-a0-810-ga77100ea1a (webtiles) character file.

Game seed: 1707625239947148178

63521 enile the Fighter (level 14, -13/126 HPs)
             Began as a Demigod Air Elementalist on Sept 22, 2023.
             Hit by a large rock thrown by a cyclops (33 damage)
             ... on level 2 of the Orcish Mines on Sept 23, 2023.
             The game lasted 00:51:18 (24284 turns).

enile the Fighter (Demigod Air Elementalist)       Turns: 24284, Time: 00:51:19

Health: -13/126    AC:  5    Str:  9    XL:     14   Next: 30%
Magic:  41/41      EV: 14    Int: 33    God:
Gold:   1401       SH:  0    Dex: 14    Spells: 7/33 levels left

rFire   . . .        v - +5 falchion (freeze)
rCold   . . .        d - orb {mayhem}
rNeg    . . .        R - +0 troll leather armour
rPois   .            (no helmet)
rElec   .            (no cloak)
rCorr   .            (no gloves)
SInv    .            I - +1 pair of boots {Fly}
Will    ++...        g - amulet of magic regeneration
Stlth   +++          e - ring of willpower
HPRegen 1.21/turn    N - ring of magical power
MPRegen 0.67/turn

%: mayhem
@: flying
A: high MP 1, forlorn, divine attributes
a: no special abilities


You were on level 2 of the Orcish Mines.
You visited 4 branches of the dungeon, and saw 21 of its levels.

You collected 1401 gold pieces.

Inventory:

Hand Weapons
 v - a +5 falchion of freezing (weapon)
 U - a +1 short sword of distortion
Missiles
 c - 5 atropa-tipped darts
 k - 3 javelins
 r - 54 poisoned darts
 H - 24 boomerangs
 J - 8 curare-tipped darts (quivered)
Armour
 d - an orb of mayhem (worn)
 h - a +2 robe of cold resistance
 o - a +0 buckler
 I - a +1 pair of boots of flying (worn)
 O - a +0 kite shield of protection
 R - a +0 troll leather armour (worn)
Jewellery
 e - a ring of willpower (left hand)
 g - an amulet of magic regeneration (around neck)
 i - a ring of positive energy
 p - a ring of poison resistance
 u - a ring of positive energy
 G - an amulet of the acrobat
 N - a ring of magical power (right hand)
 P - a +6 ring of strength
Wands
 j - a wand of mindburst (3)
 n - a wand of digging (4)
 E - a wand of flame (16)
 V - a wand of paralysis (7)
Scrolls
 f - a scroll of vulnerability
 m - a scroll of poison
 t - 5 scrolls of fear
 x - 6 scrolls of enchant armour
 y - a scroll of noise
 A - a scroll of revelation
 D - 3 scrolls of amnesia
 S - 2 scrolls of immolation
 T - 2 scrolls of brand weapon
 X - 2 scrolls of blinking
 Y - a scroll of teleportation
 Z - 2 scrolls of enchant weapon
Potions
 a - a potion of brilliance
 b - 2 potions of magic
 q - 2 potions of might
 s - 5 potions of attraction
 z - 4 potions of mutation
 C - 2 potions of berserk rage
 F - a potion of haste
 K - 2 potions of enlightenment
 L - 2 potions of heal wounds
 Q - a potion of invisibility


   Skills:
 - Level 12.0 Fighting
 - Level 5.0 Long Blades
 - Level 0.6 Maces & Flails
 - Level 3.0 Throwing
 - Level 2.0 Armour
 - Level 7.0 Dodging
 - Level 6.0 Stealth
 - Level 6.0 Shields
 - Level 10.0 Spellcasting
 - Level 6.0 Conjurations
 - Level 3.0 Translocations
 + Level 4.2 Transmutations
 - Level 7.0 Air Magic
 - Level 6.0 Poison Magic
 - Level 7.0 Evocations


You had 7 spell levels left.
You knew the following spells:

 Your Spells              Type           Power      Damage    Failure   Level
a - Shock                 Conj/Air       100%       1d9       1%          1
b - Static Discharge      Conj/Air       100%       2-7/arc   1%          2
c - Airstrike             Air            29%        2d(5-21)  2%          4
d - Swiftness             Air            58%        N/A       1%          3
e - Olgreb's Toxic Radia  Pois           54%        N/A       3%          4
f - Wereblood             Tmut           44%        N/A       1%          2
g - Blink                 Tloc           72%        N/A       1%          2
h - Irradiate             Conj/Tmut      25%        3d20      13%         5
i - Mephitic Cloud        Conj/Pois/Air  55%        N/A       1%          3

Your spell library contained the following spells:

 Spells                   Type           Power      Damage    Failure   Level
 Magic Dart               Conj           100%       1d8       1%          1
 Lesser Beckoning         Tloc           72%        N/A       1%          2
 Momentum Strike          Conj/Tloc      92%        3d10      1%          2
 Dazzling Flash           Conj/Hex       72%        N/A       3%          3
 Call Imp                 Summ           32%        N/A       6%          2
 Silence                  Hex/Air        19%        N/A       26%         5
 Agony                    Necr           16%        N/A       71%         5
 Discord                  Hex            8%         N/A       100%        8
 Ignition                 Fire           8%         3d5       100%        8


Dungeon Overview and Level Annotations

Branches:
Dungeon (13/15) Temple (1/1) D:5 Lair (5/5) D:11 Swamp (0/4) Lair:3 Snake (0/4) Lair:2 Slime (0/5) Lair:4 Orc (2/2) D:10 Elf (0/3) Orc:2 Vaults (0/5) D:12 D:13

Shops:
D:6 (   Orc:2 [(

Portals:
Trove: D:12 (give 2 scrolls of acquirement)

Annotations:
D:5 2 transporters, Age's ghost, novice MiFi
D:7 2 transporters, Age's ghost, novice MiFi
D:8 3 runed translucent doors, pokeman's ghost, novice DEHW
D:9 2 transporters
D:11 1 runed translucent door, SirDiesAlot's ghost, journeyman OpVM
D:13 Urug
Lair:5 1 runed translucent door
Orc:2 Josephine


Innate Abilities, Weirdness & Mutations

You have an increased reservoir of magic. (+10% MP)
You shall have no god before yourself.
Your divine heritage dramatically boosts your attributes as you level up.


Message History

The ghostly flame explodes!
The ghostly fireball engulfs the wraith.
The wraith completely resists.
The ghostly fireball engulfs the wraith.
The wraith completely resists.
The ghostly fireball engulfs Josephine.
Josephine completely resists.
The ghostly fireball engulfs your warg!!
Your warg is drained!
Your warg dies!
Your warg's corpse dissolves into shadows!
The ghostly fireball engulfs the wraith.
The wraith completely resists.
You hear a shout! x5
Okay, then.
Okay, then.
Okay, then.
Okay, then.
Okay, then.
As you read the scroll of teleportation, it crumbles to dust.
You feel strangely unstable. The wraith misses your warg.
Your warg closely misses the wraith.
You feel much better.
Your warg bites the wraith.
The wraith closely misses your warg.
Your warg bites the wraith!
The wraith barely misses your warg. The wraith hits your warg!
The wraith drains your warg's vigour!
Your warg seems to slow down.
Your warg bites the wraith but does no damage.
Your surroundings suddenly seem different.
An ettin and 2 cyclopes come into view.
Found 32 gold pieces.
Found Byav's Antique Armour Shop.
The cyclops shouts! x2
The cyclops throws a large rock.
The large rock hits you!!!
* * * LOW HITPOINT WARNING * * *
You hear a shout!
As you read the scroll of fear, it crumbles to dust.
You assume a fearsome visage.
The cyclops looks frightened!
The ettin looks frightened!
The cyclops looks frightened!
A cyclops comes into view.
The cyclops throws a large rock.
The large rock hits you!!
You die...

..........(........
...............$..#.....
........................
.P...∩...P..............
.......8................
............))..)........
.........................
..P..P...........o.......
........@###.##.#....#...
.....#.#.#####.#.........
..P.......# #............
.........## ##...........
....P...## #....#.......
........P#####.........#.
...........# #..#...>...#
..C∩...P...............#.
C...8.P........


You could see a cyclops.

Vanquished Creatures
  Kirke (Lair:4)
  A fire dragon (Lair:5)
  3 hydras
  Erolcha (Orc:1)
  3 boulder beetles
  6 two-headed ogres
  An orc high priest (D:10)
  14 death yaks
  Sonja (D:12)
  A skyshark (Lair:5)
  2 bog bodies (Lair:3)
  A swamp dragon (Lair:5)
  2 lindwurms (Lair:5)
  A salamander (Lair:2)
  A cyclops (Orc:2)
  3 elephants (Lair:5)
  9 black mambas
  14 cane toads
  6 torpor snails
  5 kobold demonologists
  2 unseen horrors (D:12)
  5 rime drakes
  Jeremiah (D:7)
  15 komodo dragons
  3 trolls
  2 polar bears
  Grinder (D:3)
  6 hornets (Lair:5)
  3 tyrant leeches (Lair:5)
  3 blink frogs (Lair:1)
  4 dream sheep (D:10)
  9 slime creatures
  Sigmund (D:2)
  3 wraiths
  46 yaks
  4 basilisks
  6 wyverns
  8 humans
  A steam dragon (Lair:5)
  Edmund (D:5)
  4 wargs
  2 acid dragons (Lair:5)
  Menkaure (D:5)
  16 water moccasins
  Duvessa (D:5)
  2 black bears
  A swamp drake (Lair:5)
  7 orc warriors
  2 ice beasts (D:6)
  9 wolves
  3 ogres
  A centaur (D:7)
  2 phantoms
  12 kobold brigands
  Blork the orc (D:5)
  A scorpion (D:5)
  6 gnoll sergeants
  17 bullfrogs
  13 wights
  Dowan (D:5)
  2 electric eels (Lair:3)
  2 howler monkeys
  3 lava snakes (Lair:2)
  3 orc priests
  A jelly (Lair:4)
  3 hounds
  A gnoll bouda (D:10)
  21 iguanas
  6 orc wizards
  5 adders
  22 gnolls
  5 white imps
  An ufetubus (D:6)
  2 dart slugs
  43 orcs
  6 ball pythons
  6 endoplasms
  2 giant cockroaches (D:2)
  5 goblins
  3 hobgoblins
  18 kobolds
  A quokka (D:2)
  13 bats
  24 frilled lizards
  2 rats
502 creatures vanquished.

Vanquished Creatures (others)
  A slime creature (Lair:4)
  4 humans (Lair:4)
5 creatures vanquished.

Grand Total: 507 creatures vanquished

Notes
Turn   | Place    | Note
-------+----------+-------------------------------------------
     0 | D:1      | enile the Demigod Air Elementalist began the quest for the
                  | Orb.
     0 | D:1      | Reached XP level 1. HP: 14/14 MP: 5/5
    65 | D:1      | Reached skill level 1 in Conjurations
   348 | D:1      | Reached XP level 2. HP: 20/20 MP: 4/7
  1475 | D:2      | Noticed Sigmund
  1539 | D:3      | Learned a level 2 spell: Static Discharge
  1705 | D:3      | Reached XP level 3. HP: 24/26 MP: 3/8
  1849 | D:3      | Learned a level 3 spell: Swiftness
  1978 | D:3      | Reached XP level 4. HP: 18/33 MP: 7/10
  2173 | D:3      | Noticed Grinder
  2324 | D:2      | Reached XP level 5. HP: 27/38 MP: 11/11
  2492 | D:2      | Identified the +0 robe of Going Fast {rN+ Int+2}
  2545 | D:2      | Killed Sigmund
  2546 | D:2      | Reached XP level 6. HP: 21/45 MP: 6/13
  3685 | D:4      | Reached skill level 1 in Fighting
  4160 | D:5      | Entered Level 5 of the Dungeon
  4160 | D:5      | Noticed Menkaure
  4166 | D:5      | Killed Menkaure
  4167 | D:5      | Reached skill level 2 in Fighting
  4254 | D:5      | Noticed Duvessa
  4256 | D:5      | Noticed Dowan
  4280 | D:5      | Killed Duvessa
  4281 | D:5      | Reached skill level 3 in Fighting
  4281 | D:5      | Reached XP level 7. HP: 32/57 MP: 11/14
  4285 | D:5      | Found a transporter.
  4289 | D:5      | Found a transporter.
  4289 | D:5      | Noticed Age's ghost (novice MiFi)
  4296 | D:5      | Killed Dowan
  4455 | D:5      | Reached skill level 4 in Fighting
  4492 | D:5      | Reached skill level 1 in Throwing
  4870 | D:5      | Learned a level 4 spell: Airstrike
  5060 | D:5      | Found a staircase to the Ecumenical Temple.
  5082 | D:5      | Noticed Edmund
  5090 | D:5      | Killed Edmund
  5275 | Temple   | Entered the Ecumenical Temple
  5407 | D:6      | Noticed Blork the orc
  5422 | D:5      | Killed Blork the orc
  5423 | D:5      | Reached skill level 5 in Air Magic
  5423 | D:5      | Reached XP level 8. HP: 52/66 MP: 12/15
  5846 | D:6      | Reached skill level 5 in Fighting
  6026 | D:6      | Reached skill level 6 in Fighting
  6029 | D:6      | Reached skill level 1 in Evocations
  6411 | D:6      | Found Yfoap's Antique Weapon Emporium.
  6854 | D:7      | Found a transporter.
  6869 | D:7      | Noticed Jeremiah
  7025 | D:7      | Found a transporter.
  7025 | D:7      | Noticed Age's ghost (novice MiFi)
  7069 | D:7      | Reached XP level 9. HP: 75/75 MP: 9/17
  7226 | D:7      | Reached skill level 5 in Evocations
  7493 | D:7      | Noticed a komodo dragon
  7502 | D:7      | Killed a komodo dragon
  7881 | D:8      | Noticed pokeman's ghost (novice DEHW)
  7906 | D:8      | Found a runed translucent gate.
  7908 | D:8      | Found a runed translucent gate.
  7910 | D:8      | Found a runed translucent gate.
  7911 | D:8      | Noticed a kobold demonologist
  7987 | D:8      | Noticed a two-headed ogre
  7991 | D:8      | Killed a two-headed ogre
  7992 | D:8      | Reached skill level 5 in Spellcasting
  8048 | D:8      | You fall into a shaft and drop 1 floor!
  8329 | D:3      | Killed Grinder
  8412 | D:8      | Reached XP level 10. HP: 74/83 MP: 14/21
  8586 | D:8      | Reached skill level 5 in Long Blades
  8611 | D:8      | Reached skill level 1 in Armour
  9226 | D:9      | Found a transporter.
  9226 | D:9      | Noticed a white ugly thing
  9227 | D:9      | Noticed a brown ugly thing
  9228 | D:9      | Found a transporter.
  9228 | D:9      | Noticed a purple ugly thing
  9231 | D:9      | Noticed a red ugly thing
  9287 | D:9      | Noticed a sixfirhy
  9302 | D:9      | Reached skill level 5 in Stealth
  9840 | D:10     | Entered Level 10 of the Dungeon
 10160 | D:10     | Found a staircase to the Orcish Mines.
 10402 | D:9      | Learned a level 4 spell: Olgreb's Toxic Radiance
 10521 | D:9      | Reached skill level 5 in Dodging
 10730 | D:9      | Reached skill level 1 in Poison Magic
 11188 | D:10     | Reached skill level 1 in Shields
 11791 | D:10     | Noticed a two-headed ogre
 11803 | D:10     | Killed a two-headed ogre
 12342 | D:10     | Reached XP level 11. HP: 89/89 MP: 11/22
 12408 | D:10     | Noticed a two-headed ogre
 12415 | D:10     | Killed a two-headed ogre
 12872 | D:11     | Found a runed translucent door.
 12872 | D:11     | Noticed SirDiesAlot's ghost (journeyman OpVM)
 13067 | D:11     | Noticed a boulder beetle
 13083 | D:11     | Killed a boulder beetle
 13681 | D:11     | Noticed a death yak
 13950 | D:11     | Noticed a death yak
 13951 | D:11     | Noticed a death yak
 13951 | D:11     | Noticed a death yak
 13959 | D:11     | Killed a death yak
 13959 | D:11     | Killed a death yak
 13960 | D:11     | Reached skill level 5 in Conjurations
 13960 | D:11     | Killed a death yak
 13961 | D:11     | Noticed a two-headed ogre
 13965 | D:11     | Noticed a death yak
 13966 | D:11     | Killed a death yak
 13967 | D:11     | Killed a two-headed ogre
 13968 | D:11     | Reached skill level 7 in Fighting
 14007 | D:10     | Killed a death yak
 14319 | D:11     | Found a staircase to the Lair.
 14555 | D:12     | Noticed a boulder beetle
 14582 | D:12     | Killed a boulder beetle
 14583 | D:12     | Reached skill level 8 in Fighting
 14647 | D:12     | Noticed a two-headed ogre
 14655 | D:12     | Killed a two-headed ogre
 14656 | D:12     | Reached XP level 12. HP: 103/103 MP: 14/23
 14842 | D:12     | Reached skill level 9 in Fighting
 14898 | D:12     | Found a portal to a secret trove of treasure.
 15109 | D:12     | Noticed Sonja
 15116 | D:12     | Killed Sonja
 15569 | Lair:1   | Entered Level 1 of the Lair of Beasts
 15573 | Lair:1   | Learned a level 2 spell: Wereblood
 15593 | Lair:1   | Reached skill level 10 in Fighting
 15701 | Lair:1   | Reached skill level 1 in Transmutations
 15897 | Lair:1   | Reached skill level 5 in Shields
 16280 | D:7      | Killed Jeremiah
 16332 | D:7      | Learned a level 2 spell: Blink
 16557 | Lair:1   | Reached skill level 1 in Translocations
 18054 | Lair:2   | Found a staircase to the Snake Pit.
 18373 | Lair:3   | Reached XP level 13. HP: 113/113 MP: 26/28
 19824 | Lair:3   | Found a staircase to the Swamp.
 19920 | Lair:4   | Noticed Kirke
 20017 | Lair:4   | Killed Kirke
 20096 | Lair:4   | Found a staircase to the Slime Pits.
 20140 | Lair:4   | Identified the +3 hand axe of Crusades {venom, rElec}
 20330 | Lair:4   | Reached skill level 11 in Fighting
 20760 | Lair:4   | Identified the +2 long sword "enile's Regret" {heavy, rF++
                  | rC+ Will- SInv}
 20857 | Lair:4   | Learned a level 5 spell: Irradiate
 21000 | Lair:5   | Entered Level 5 of the Lair of Beasts
 21174 | Lair:5   | Reached skill level 12 in Fighting
 21466 | Lair:5   | Reached skill level 5 in Poison Magic
 21673 | Lair:5   | Learned a level 3 spell: Mephitic Cloud
 22029 | Lair:5   | Reached XP level 14. HP: 126/126 MP: 13/31
 22600 | Lair:5   | Found a runed translucent door.
 23130 | Orc:1    | Entered Level 1 of the Orcish Mines
 23130 | Orc:1    | Noticed Erolcha
 23297 | D:13     | Noticed Urug
 23297 | D:13     | Found a gate to the Vaults.
 23358 | D:12     | Reached skill level 10 in Spellcasting
 23666 | Orc:1    | Killed Erolcha
 23903 | Orc:2    | Entered Level 2 of the Orcish Mines
 24256 | Orc:2    | Found Iheeq's Antique Weapon Emporium.
 24269 | Orc:2    | Found a staircase to the Elven Halls.
 24270 | Orc:2    | Noticed Josephine
 24277 | Orc:2    | Found Byav's Antique Armour Shop.
 24284 | Orc:2    | Hit by a large rock thrown by a cyclops

Illustrated notes

Levels and vault maps discovered:
D:1:      lemuel_arrival_room, layout_loops_corners
D:2:      layout_basic, minmay_quantized, uniq_sigmund
D:3:      layout_basic, trog_antimagical, kennysheep_flooded_box, uniq_grinder
D:4:      layout_basic
D:5:      layout_rooms, temple_pool_b, gammafunk_ghost_hive, uniq_menkaure,
          uniq_duvessa, uniq_edmund
D:6:      layout_rooms, amcnicky_altar_gilded, old_standard_altar, serial_shops,
          nicolae_shop_tiny_real_fake_doors, uniq_blork_the_orc
D:7:      layout_rooms, nicolae_overflow_quartered_altars,
          gammafunk_ghost_arena, serial_bayou_pond_e, minmay_lizard_king,
          uniq_jeremiah
D:8:      layout_loops_ring, gammafunk_ghost_nasty_kobolds,
          kennysheep_generic_room_5
D:9:      gammafunk_corrupted_shrine, layout_rooms, minitemple,
          mainiacjoe_overflow_six_doors_small
D:10:     layout_long_grid, kennysheep_mini_moat,
          kennysheep_orc_monster_closet_entryway, dreamdust_gnoll_shepherd
D:11:     layout_basic, dpeg_lair_monsters, hellmonk_ghost_happy_afterlife
D:12:     nicolae_cairo_tiling_large_dashed, layout_cave_pools,
          nicolae_trove_entry_isolated, nicolae_elyvilon_temple_path, uniq_sonja
D:13:     layout_gridville, david_vaults_3, serial_shops, shop, uniq_urug
Temple:   nicolae_temple_ecumenical_triangle
Lair:1:   layout_misc_corridors, nicolae_lair_grove_arrangements,
          lemuel_fruit_tree, grunt_megastairs_5
Lair:2:   layout_small_grid, nicolae_snake_entry_warm_welcome,
          dreamdust_mushroom_princess, st_stairs_7
Lair:3:   lemuel_reptile_caves, layout_loops_ring,
          nicolae_swamp_entry_splash_gauntlet
Lair:4:   layout_big_grid, minmay_slime_entry_pillars, grunt_megastairs_1,
          uniq_kirke
Lair:5:   guppyfry_lair_end_dragon, layout_regular_city, wormcave
Orc:1:    layout_caves, abandoned_shop, nicolae_orc_crystal_geode, uniq_erolcha
Orc:2:    grunt_orc_gardens, layout_caves, grunt_orc_garden, grunt_orc_garden,
          grunt_orc_garden, grunt_orc_garden, chequers_guarded_unrand_ignorance,
          uniq_josephine, uniq_maurice

Skill      XL: |  1  2  3  4  5  6  7  8  9 10 11 12 13 14 |
---------------+-------------------------------------------+-----
Conjurations   | 1 2 3 4 6 |  6.0
Stealth        | 2 3 5 6 |  6.0
Dodging        | 2 3 5 7 |  7.0
Spellcasting   | 2 3 5 7 8 10 | 10.0
Air Magic      | 3 5 6 7 |  7.0
Fighting       | 3 4 6 8 10 12 | 12.0
Throwing       | 3 |  3.0
Evocations     | 4 5 7 |  7.0
Long Blades    | 4 5 |  5.0
Armour         | 2 |  2.0
Poison Magic   | 3 4 6 |  6.0
Shields        | 4 6 |  6.0
Transmutations | 3 4 |  4.2
Translocations | 3 |  3.0
Maces & Flails | |  0.6

Action                     |  1- 3 |  4- 6 |  7- 9 | 10-12 | 13-15 || total
---------------------------+-------+-------+-------+-------+-------++-------
  Melee: Unarmed           |     4 |       |       |       |       ||     4
         Dagger            |    14 |    10 |    23 |       |       ||    47
         Whip              |       |    29 |    28 |       |       ||    57
         Punch             |       |     1 |     1 |       |       ||     2
         Falchion          |       |       |    33 |   113 |   129 ||   275
  Throw: Dart              |       |     4 |     6 |    20 |    14 ||    44
         Throwing net      |       |       |     1 |       |       ||     1
   Cast: Shock             |    84 |    80 |   111 |    90 |    14 ||   379
         Static Discharge  |     3 |    11 |    24 |    42 |     8 ||    88
         Airstrike         |       |       |    55 |   283 |   335 ||   673
         Olgreb's Toxic Ra |       |       |       |    14 |    16 ||    30
         Blink             |       |       |       |     2 |     5 ||     7
         Wereblood         |       |       |       |     1 |       ||     1
         Irradiate         |       |       |       |       |     4 ||     4
         Mephitic Cloud    |       |       |       |       |     3 ||     3
  Evoke: Wand              |       |       |     2 |    14 |     8 ||    24
    Use: Scroll            |     1 |     2 |     2 |     7 |    19 ||    31
         Potion            |     2 |     2 |     4 |     3 |     7 ||    18
   Stab: Invisible         |       |       |     3 |       |       ||     3
         Paralysed         |       |       |       |     3 |     8 ||    11
         Distracted        |       |       |       |       |     1 ||     1
 Armour: Robe              |    22 |    38 |    33 |       |       ||    93
         Leather armour    |       |       |    71 |   119 |       ||   190
         Skin              |       |       |    32 |       |     4 ||    36
         Troll leather arm |       |       |       |   137 |   194 ||   331
  Dodge: Dodged            |    38 |    39 |    91 |   173 |   146 ||   487
  Block: Buckler           |       |       |       |    57 |    61 ||   118

Table legend: (Time is in decaauts)
 A = Elapsed time spent in this place.
 B = Non-inter-level travel time spent in this place.
 C = Inter-level travel time spent in this place.
 D = Time resting spent in this place.
 E = Time spent auto-exploring this place.
 F = Levels seen in this place.
 G = Mean time per level.
                   A        B        C        D        E       F      G
               +--------+--------+--------+--------+--------+-----+--------+
         Total |  24432 |  22623 |   1809 |    333 |  18219 |  21 | 1163.4 |
       Dungeon |  17007 |  15449 |   1558 |    270 |  12629 |  13 | 1308.2 |
        Temple |      1 |      0 |      1 |      0 |      0 |   1 |    1.0 |
          Lair |   7027 |   6810 |    217 |     40 |   5332 |   5 | 1405.4 |
  Orcish Mines |    395 |    363 |     32 |     23 |    258 |   2 |  197.5 |
               +--------+--------+--------+--------+--------+-----+--------+

Top non-repeatable levels by time:
    D:10: 2314 daAuts
     D:9: 2262 daAuts
  Lair:5: 2016 daAuts
    D:11: 1903 daAuts
  Lair:3: 1480 daAuts
     D:5: 1406 daAuts
  Lair:2: 1367 daAuts
     D:6: 1335 daAuts
     D:1: 1284 daAuts
     D:8: 1275 daAuts
     D:7: 1197 daAuts
  Lair:1: 1087 daAuts
     D:2: 1079 daAuts
  Lair:4: 1076 daAuts
    D:12: 1037 daAuts
